 Dungeon Crawl Stone Soup version 0.31.0-4-g52a2dc7128 (webtiles) character file.

Game seed: 3663221062862240166

80 BadNewsBrown the Ruffian (level 4, -2/42 HPs)
             Began as a Troll Gladiator on Jan 21, 2024.
             Slain by a gnoll
             ... wielding a +0 flail
              (6 damage)
             ... on level 3 of the Dungeon.
             The game lasted 00:05:45 (891 turns).

BadNewsBrown the Ruffian (Troll Gladiator)           Turns: 891, Time: 00:05:45

Health: -2/42      AC:  4    Str: 22    XL:     4   Next: 18%
Magic:  3/3        EV: 10    Int:  6    God:
Gold:   42         SH:  0    Dex: 11    Spells: 3/3 levels left

rFire   . .          .
                       - Unarmed
rCold   . . .        (no shield)
rNeg    . . .        a - +0 robe
rPois   .            b - +0 hat
rElec   .            (no cloak)
rCorr   .            (gloves unavailable)
SInv    .            (boots unavailable)
Will    .....        (no amulet)
Stlth   +            (no ring)
HPRegen 1.07/turn    (no ring)
MPRegen 0.08/turn

%: no passive effects
@: about to teleport
A: large, unfitting armour, claws 3, regeneration 1, shaggy fur 1, tough skin 1
a: no special abilities


You were on level 3 of the Dungeon.
You visited 1 branch of the dungeon, and saw 3 of its levels.

You collected 42 gold pieces.

Inventory:

Missiles
 c - 3 throwing nets
 d - a large rock (quivered)
 f - 4 poisoned darts
 j - 3 boomerangs
Armour
 a - a +0 robe (worn)
 b - a +0 hat (worn)
Scrolls
 e - a scroll of brand weapon {unknown}
 i - 2 scrolls of immolation
Potions
 h - a potion of might


   Skills:
 * Level 1.9 Fighting
 * Level 2.0 Throwing
 * Level 0.4 Armour
 * Level 2.9 Dodging
 * Level 0.5 Stealth
 * Level 3.9 Unarmed Combat


You had 3 spell levels left.
You didn't know any spells.
Your spell library was empty.

Dungeon Overview and Level Annotations

Branches:
Dungeon (3/15)

Altars:

Shops:
D:3 ?

Annotations:
D:3 1 transporter, tmcgee265's ghost, amateur BaBr


Innate Abilities, Weirdness & Mutations

You are too large for most types of armour.
You have claws for hands.
Your natural rate of healing is unusually fast.
You are covered in fur. (AC +1)
You have tough skin. (AC +1)


Message History

You see here a rat corpse.
Found a pink potion.
Found a transporter.
Found a pearl ring.
You open the gate.
A gnoll comes into view. It is wielding a +0 spear.
Found a robe.
A gnoll comes into view. It is wielding a +0 flail.
There is an open gate here.
A gnoll comes into view. It is wielding a +0 spear.
The gnoll barely misses you.
A gnoll comes into view. It is wielding a +0 spear.
The gnoll closely misses you. The gnoll hits you with a +0 spear.
You barely miss the gnoll. The gnoll closely misses you.
You barely miss the gnoll. The gnoll barely misses you.
You closely miss the gnoll. The gnoll closely misses you.
You scratch the gnoll.
The gnoll is lightly wounded.
The gnoll barely misses you. The gnoll hits you but does no damage.
You claw the gnoll!
You kill the gnoll!
The gnoll closely misses you. The gnoll hits you but does no damage.
The gnoll hits you with a +0 flail! The gnoll closely misses you.
The gnoll hits you from afar with a +0 spear.
The gnoll hits you with a +0 flail!
You see here a +0 spear.
As you read the scroll of teleportation, it crumbles to dust.
You feel strangely unstable.
A giant cockroach comes into view.
The gnoll hits you from afar with a +0 spear.
The gnoll barely misses you. x2
The gnoll attacks as it pursues you! The gnoll hits you with a +0 flail.
The gnoll hits you from afar with a +0 spear.
* * * LOW HITPOINT WARNING * * *
The gnoll barely misses you.
The gnoll hits you from afar with a +0 spear!
* * * LOW HITPOINT WARNING * * *
The gnoll hits you with a +0 flail.
You die...

.. ...B ..# #.... ...#
#....# ....# #.....#
.....#####.....#
#......#......#
#.......g...# #.....gg[.#
# ###..@..###.# ####
##'''## ... ...###
#....#.... ##...###
##.#....... #..#.†.###
###.....)...
#.####...#####...#.....©.
..#..###.......##########
.##....##.###### #W...!=
.#..#..#..# .#..#.


You could see tmcgee265's ghost and 3 gnolls.

Vanquished Creatures
  A gnoll bouda (D:3)
  A gnoll (D:3)
  An adder (D:2)
  A dart slug (D:1)
  2 ribbon worms
  An orc (D:3)
  5 bats
  An endoplasm (D:1)
  2 giant cockroaches
  4 hobgoblins
  A quokka (D:2)
  3 ball pythons
  A frilled lizard (D:3)
  A kobold (D:1)
  A rat (D:3)
26 creatures vanquished.

Notes
Turn   | Place    | Note
-------+----------+-------------------------------------------
     0 | D:1      | BadNewsBrown the Troll Gladiator began the quest for the
                  | Orb.
     0 | D:1      | Reached XP level 1. HP: 19/19 MP: 0/0
   119 | D:1      | Reached XP level 2. HP: 27/27 MP: 1/1
   425 | D:2      | Reached XP level 3. HP: 35/35 MP: 2/2
   531 | D:3      | Found The Oracle's Delphic Readings.
   826 | D:3      | Reached XP level 4. HP: 9/42 MP: 3/3
   872 | D:3      | Found a transporter.
   875 | D:3      | Noticed tmcgee265's ghost (amateur BaBr)
   891 | D:3      | Slain by a gnoll

Illustrated notes

Levels and vault maps discovered:
D:1:      amcnicky_arrival_choice, layout_loops_ring
D:2:      layout_basic, basic_altar
D:3:      minmay_skewed_foursquare, layout_loops_corners, gammafunk_ghost_smash,
          kennysheep_donut, nicolae_nh_oracle_at_delphi

Skill      XL: |  1  2  3 |
---------------+----------+-----
Throwing       | 2 |  2.0
Fighting       | |  1.9
Armour         | |  0.4
Dodging        | |  2.9
Stealth        | |  0.5
Unarmed Combat | |  3.9

Action                     |  1- 3 |  4- 6 || total
---------------------------+-------+-------++-------
  Melee: Unarmed           |    66 |     9 ||    75
  Throw: Large rock        |     2 |       ||     2
    Use: Scroll            |     3 |     1 ||     4
         Potion            |     1 |       ||     1
 Armour: Robe              |    76 |    11 ||    87
  Dodge: Dodged            |    52 |    14 ||    66
